 Dungeon Crawl Stone Soup version 0.29-a0-878-g7b45a56547 (webtiles) character file.

Game seed: 12829775854629902068

46 Locuples the Chopper (level 3, -2/45 HPs)
             Began as a Minotaur Gladiator on July 20, 2022.
             Slain by a gnoll
             ... wielding a +0 spear
              (3 damage)
             ... on level 2 of the Dungeon.
             The game lasted 00:02:22 (889 turns).

Locuples the Chopper (Minotaur Gladiator)            Turns: 889, Time: 00:02:23

Health: -2/45      AC: 25    Str: 20    XL:     3   Next: 44%
Magic:  2/2        EV:  2    Int:  5    God:
Gold:   23         SH:  0    Dex: 11    Spells: 2/2 levels left

rFire   . . .      SeeInvis .   a - +0 war axe
rCold   . . .      Faith    .   (no shield)
rNeg    . . .      Spirit   .   (body armour currently unavailable)
rPois   +          Reflect  .   (helmet currently unavailable)
rElec   .          Harm     .   (cloak currently unavailable)
rCorr   .          Rampage  .   (gloves currently unavailable)
Will    .....      NoTele   +   (boots currently unavailable)
Stlth   +.........              (no amulet)
HPRegen 0.15/turn               m - +4 ring of protection
MPRegen 0.08/turn               (no ring)

@: tree-form (expiring), invisible
A: stationary, stasis, torment immunity, boosted hp, (horns 2), (retaliatory
headbutt)
a: no special abilities


You were on level 2 of the Dungeon.
You were a tree.
You visited 1 branch of the dungeon, and saw 2 of its levels.

You collected 51 gold pieces.
You spent 28 gold pieces at shops.

Inventory:

Hand Weapons
 a - a +0 war axe (weapon)
Missiles
 d - 3 throwing nets (quivered)
 e - a javelin
Armour
 b - a +0 leather armour (melded)
 c - a +0 hat (melded)
 h - a +0 pair of boots (melded)
Jewellery
 m - a +4 ring of protection (left branch)
Scrolls
 k - a scroll of vulnerability {unknown}
 l - a scroll of blinking {unknown}
Potions
 f - a potion of brilliance


   Skills:
 + Level 2.6 Fighting
 * Level 5.2 Axes
 - Level 2.0 Throwing
 + Level 1.0 Armour
 - Level 3.2 Dodging


You had 2 spell levels left.
You didn't know any spells.
Your spell library contained the following spells:

 Spells                   Type           Power      Damage    Failure   Level
 Summon Small Mammal      Summ           0%         N/A       47%         1
 Call Canine Familiar     Summ           0%         N/A       85%         3
 Summon Guardian Golem    Hex/Summ       0%         N/A       85%         3


Dungeon Overview and Level Annotations

Branches:
Dungeon (2/15)

Altars:

Shops:
D:1 ?


Innate Abilities, Weirdness & Mutations

You are a tree.
Your roots penetrate the ground, keeping you stationary.
You cannot be teleported.
You are immune to unholy pain and torment.
Your maximum health is greatly increased.
Your equipment is partially melded.
((You have a pair of horns on your head.))
((You reflexively headbutt those who attack you in melee.))


Message History

The bat is moderately wounded.
The bat hits you but does no damage. The gnoll hits you but does no damage.
The bat hits you but does no damage.
You miss the bat. Your punch misses the bat.
The bat is moderately wounded.
The bat hits you but does no damage. The gnoll hits you but does no damage.
The bat hits you but does no damage. The gnoll completely misses you.
You barely miss the bat.
The bat is moderately wounded.
The bat hits you but does no damage. x2
The gnoll hits you from afar with a +0 spear.
* * * LOW HITPOINT WARNING * * *
You slash the bat!
You kill the bat!
The gnoll hits you but does no damage.
The giant cockroach waves its antennae.
The giant cockroach barely misses you.
Your Armour skill increases to level 1!
You hit the giant cockroach but do no damage.
Your transformation is almost over.
The gnoll barely misses you. The gnoll hits you but does no damage.
The giant cockroach bites you but does no damage.
You slash the giant cockroach!
You kill the giant cockroach!
The gnoll hits you but does no damage. x2
You cannot move.
It was a potion of invisibility.
You fade into invisibility!
The gnoll hits you but does no damage. x2
You cannot move.
The gnoll hits you but does no damage. x2
The gnoll hits you but does no damage. x2
You cannot move.
The gnoll hits you but does no damage.
The gnoll hits you from afar with a +0 spear.
* * * LOW HITPOINT WARNING * * *
The gnoll hits you but does no damage. The gnoll barely misses you.
The gnoll hits you but does no damage.
The gnoll hits you from afar with a +0 spear.
You die...

..B ##.. .
... .# #.)
.#
..####.###
.r.......
#gg....#
#)###
#♣#<#
#.#.#
#...#
#####


You could see 2 gnolls and a rat (unable to see you).

Vanquished Creatures
  A gnoll (D:2)
  4 endoplasms
  A giant cockroach (D:2)
  2 goblins (D:1)
  2 hobgoblins
  7 jackals (D:1)
  3 kobolds
  A quokka (D:2)
  3 ball pythons (D:2)
  4 bats
  2 rats
30 creatures vanquished.

Notes
Turn   | Place    | Note
-------+----------+-------------------------------------------
     0 | D:1      | Locuples the Minotaur Gladiator began the quest for the
                  | Orb.
     0 | D:1      | Reached XP level 1. HP: 18/18 MP: 0/0
   129 | D:1      | Reached skill level 4 in Axes
   329 | D:1      | Reached XP level 2. HP: 24/25 MP: 1/1
   543 | D:1      | Found Wusyikiv's Magic Scroll Shoppe.
   549 | D:1      | Bought a scroll of identify for 28 gold pieces
   841 | D:2      | Reached XP level 3. HP: 27/30 MP: 2/2
   843 | D:2      | Reached skill level 5 in Axes
   882 | D:2      | Reached skill level 1 in Armour
   887 | D:2      | HP: 1/45 [gnoll/+0 spear (6)]
   889 | D:2      | Slain by a gnoll

Illustrated notes

Levels and vault maps discovered:
D:1:      dpeg_arrival_tiny_f, layout_basic, serial_shops,
          nicolae_shop_advertising_works [nicolae_subvault_shop_adworks]
D:2:      layout_basic, serial_shops, nicolae_shop_hallway_stairs, shop,
          minmay_nonomino_d4, uniq_jessica

Skill      XL: |  1  2  3 |
---------------+----------+-----
Axes           | 4 5 |  5.2
Armour         | 1 |  1.0
Fighting       | |  2.6
Throwing       | |  2.0
Dodging        | |  3.2

Action                   || total
-------------------------++-------
Melee: War axe           ||    60
       Headbutt          ||     4
  Use: Scroll            ||     1
       Potion            ||     3
Armor: Leather armour    ||    24
       Skin              ||    60
Dodge: Dodged            ||    57

Table legend: (Time is in decaauts)
 A = Elapsed time spent in this place.
 B = Non-inter-level travel time spent in this place.
 C = Inter-level travel time spent in this place.
 D = Time resting spent in this place.
 E = Time spent auto-exploring this place.
 F = Levels seen in this place.
 G = Mean time per level.
                   A        B        C        D        E       F      G
               +--------+--------+--------+--------+--------+-----+--------+
         Total |    903 |    903 |      0 |      0 |    704 |   2 |  451.5 |
       Dungeon |    903 |    903 |      0 |      0 |    704 |   2 |  451.5 |
               +--------+--------+--------+--------+--------+-----+--------+

Top non-repeatable levels by time:
     D:1: 837 daAuts
     D:2: 66 daAuts
